 Dungeon Crawl Stone Soup version 0.27-a0-1456-gf5a116941d (webtiles) character file.

Game seed: 10800523471357381605

13150 Lemondrips the Cleaver (level 12, -12/80 HPs)
             Began as a Djinni Gladiator on July 6, 2021.
             Was an Elder of Hepliaklqana.
             Mangled by a shadow (26 damage)
             ... on level 9 of the Dungeon on July 7, 2021.
             The game lasted 00:32:37 (13743 turns).

Lemondrips the Cleaver (Djinni Gladiator)          Turns: 13743, Time: 00:32:37

Health: -12/80     AC: 12    Str: 17    XL:     12   Next: 29%
Gold:   408        EV: 29    Int:  9    God:    Hepliaklqana [****..] SH: 16 Dex: 17

rFire    + + .     SeeInvis .   a - +1 broad axe
rCold    x . .     Faith    .   v - +1 tower shield
rNeg     . . .     Spirit   .   G - +2 steam dragon scales
rPois    ∞         Reflect  .   c - +0 helmet
rElec    .         Harm     .   (no cloak)
rCorr    .         Rampage  .   (no gloves)
Will     +....                  (boots unavailable)
Stlth    ++........             i - amulet of the acrobat
HPRegen  0.23/turn              C - +4 ring of protection
MPRegen  0.00/turn              u - +4 ring of evasion

@: acrobatic, flying
A: reduced essence, sickness immunity, fire resistance 2, cold vulnerability 1,
float, innate caster, hp casting, extra vitality 1
a: Renounce Religion, Recall Ancestor, Ancestor Identity, Transference, Idealise


You were on level 9 of the Dungeon.
You worshipped Hepliaklqana.
Hepliaklqana was greatly pleased with you.
You visited 1 branch of the dungeon, and saw 9 of its levels.

You collected 550 gold pieces.
You spent 142 gold pieces at shops.

Inventory:

Hand Weapons
 a - a +1 broad axe (weapon)
 F - a +2 scimitar of flaming
Missiles
 d - 3 throwing nets
 l - 54 poisoned darts (quivered)
 K - 5 boomerangs of dispersal
Armour
 c - a +0 helmet (worn)
 h - a +0 plate armour
 v - a +1 tower shield (worn)
 G - +2 steam dragon scales (worn)
 H - a +0 chain mail of willpower
Jewellery
 i - an amulet of the acrobat (around neck)
 o - a ring of positive energy
 q - a ring of resist corrosion
 u - a +4 ring of evasion (right hand)
 A - a ring of protection from cold
 C - a +4 ring of protection (left hand)
 M - a ring of fire
Wands
 j - a wand of flame (17)
 E - a wand of acid (11)
 L - a wand of iceblast (11)
Scrolls
 p - a scroll of enchant armour
 r - a scroll of blinking
 w - 2 scrolls of noise
 y - 4 scrolls of teleportation
 J - 4 scrolls of identify
Potions
 f - 3 potions of might
 g - 4 potions of brilliance
 k - a potion of experience
 m - a potion of ambrosia
 n - a potion of attraction
 s - a potion of heal wounds {unknown}
 t - a potion of invisibility
 z - 4 potions of curing
 I - 2 potions of lignification {unknown}
 N - 2 potions of flight {unknown}
Miscellaneous
 b - a lightning rod (2/4)
 e - a phial of floods


   Skills:
 + Level 9.2 Fighting
 * Level 10.8 Axes
 - Level 1.5 Throwing
 - Level 3.2 Dodging
 + Level 7.2 Shields
 + Level 8.4 Evocations


You couldn't memorise any spells.
You knew the following spells:

 Your Spells              Type           Power      Damage    Failure   Level
a - Foxfire               Conj/Fire      0%         2x1d4     99%         1
b - Call Imp              Summ           0%         N/A       99%         2
c - Spider Form           Tmut/Pois      0%         N/A       100%        3
d - Tukima's Dance        Hex            0%         N/A       100%        3
e - Olgreb's Toxic Radia  Pois           0%         N/A       100%        4
Your spell library was empty.


Dungeon Overview and Level Annotations

Branches:
Dungeon (9/15)             Temple (0/1) D:6            Lair (0/6) D:8
    Orc (0/2) D:9

Altars:
Elyvilon
Hepliaklqana
Ru
Sif Muna
Xom
Zin
The Shining One

Shops:
D:4 (   D:5 (


Innate Abilities, Weirdness & Mutations

Your life essence is reduced to manifest your ancestor. (-10% HP)
You are immune to sickness and miasma.
You are immune to poison.
Your flesh is very heat resistant. (rF++)
You are vulnerable to cold. (rC-)
You float through the air rather than walking.
You learn spells naturally, not from books.
Your magical power is your life essence.
You have superior vitality. (+4 HP)


Message History

The wraith hits you.
You closely miss the wraith.
The wraith is severely damaged. Æthelred hits the troll zombie with a +0 dagger of draining.
The orc zombie hits Æthelred but does no damage.
You block the wraith's attack. Æthelred hits something but does no damage.
You slice the wraith!!
You destroy the wraith!
The orc zombie hits Æthelred but does no damage. Æthelred hits the orc zombie with a +0 dagger of draining!
The orc zombie is destroyed!
The shadow strikes at you from the darkness!
Your shield prevents you from hitting something. Æthelred hits the orc zombie with a +0 dagger of draining.
The ogre zombie hits Æthelred but does no damage.
The shadow strikes at you from the darkness!
* * * LOW HITPOINT WARNING * * *
Reactivating autopickup.
The troll zombie bites Æthelred.
The troll zombie claws Æthelred. x2 Æthelred is destroyed!
You slash the shadow!
The shadow is heavily damaged.
You block the shadow's attack.
The shadow slips into darkness.
The shadow flickers and vanishes!
Deactivating autopickup; reactivate with Ctrl-A.
You miss something.
The shadow strikes at you from the darkness!
The shadow strikes at you from the darkness!
* * * LOW HITPOINT WARNING * * *
Reactivating autopickup.
You closely miss the shadow.
The shadow is heavily damaged.
The shadow slips into darkness.
The shadow flickers and vanishes!
Deactivating autopickup; reactivate with Ctrl-A.
There is an open door here.
The shadow strikes at you from the darkness!
You die...

#.####.####.# +# ##.##
#.##.....##.##. ###.#
#.#.......#.#.. ♣## ##)#.#
..#.......#....♣♣♣♣♣.####.)))#
......_..............'....)..#
#.#.......#..........####....##
#.#.......#.........## ##.#..#
#.##.....##..#.....## ####.#
#.####.### ##.@.## #.# #.. .(.
##'## #.# ##. .... #Z# #.# . .#
#.# #.# ##Z## #.# ######ZZZ##
#.# ........Z.## #.#
###.####...#########.# #
#....8....#......#


You could see a hobgoblin zombie, 3 orc zombies, an ogre zombie and a troll
zombie (slow).

Vanquished Creatures
  A boulder beetle (D:8)
  A two-headed ogre (D:8)
  2 manticores (D:8)
  2 cyclopes (D:8)
  Maggie (D:7)
  A troll (D:8)
  A slime creature (D:8)
  A wyvern (D:8)
  A wraith (D:9)
  A shadow (D:9)
  A yak (D:8)
  3 vampire mosquitoes (D:8)
  A steam dragon (D:8)
  Duvessa (D:4)
  4 water moccasins
  2 orc warriors
  An ice beast (D:5)
  A sky beast (D:8)
  A necrophage (D:7)
  2 black bears
  2 ogres
  A centaur (D:8)
  6 kobold brigands
  A bullfrog (D:8)
  Dowan (D:4)
  A scorpion (D:4)
  2 troll zombies (D:9)
  5 killer bees (D:8)
  2 wights (D:8)
  A howler monkey (D:8)
  An orc priest (D:4)
  A gnoll shaman (D:6)
  3 hounds
  A centaur zombie (D:7)
  Jessica (D:3)
  An iguana (D:6)
  2 hexers (D:8)
  Natasha (thrice) (D:3)
  2 orc wizards
  A hound skeleton (D:4)
  A howler monkey zombie (D:6)
  A howler monkey skeleton (D:6)
  4 adders
  4 gnolls
  A shadow imp (D:8)
  An ufetubus (D:7)
  A worm (D:2)
  3 dart slugs
  17 orcs
  8 endoplasms
  A giant cockroach (D:3)
  14 goblins
  8 hobgoblins
  10 jackals
  23 kobolds
  6 ball pythons
  4 bats
  A frilled lizard (D:3)
  A goblin skeleton (D:9)
  A hobgoblin zombie (D:9)
  3 orc skeletons (D:9)
  3 orc zombies (D:9)
  A quokka skeleton (D:3)
  4 rats
188 creatures vanquished.

Vanquished Creatures (collateral kills)
  A fire dragon (D:8)
  A death knight (D:8)
  4 two-headed ogres
  A tengu conjurer (D:8)
  A wyvern (D:8)
  A hornet zombie (D:8)
  2 ice beasts
  A necrophage (D:5)
  2 ogres
  A kobold brigand (D:7)
  A bullfrog (D:8)
  4 killer bees (D:8)
  2 bullfrog zombies
  2 centaur zombies
  2 jellies
  An orc priest (D:4)
  A bullfrog skeleton (D:6)
  An iguana (D:5)
  4 orc wizards
  2 killer bee zombies
  2 ogre zombies (D:9)
  Robin (D:2)
  2 gnolls
  3 adders
  A white imp (D:8)
  An ufetubus (D:7)
  An adder skeleton (D:4)
  A dart slug (D:4)
  4 orcs (D:4)
  2 ball pythons (D:3)
  2 goblins (D:2)
  4 hobgoblins
  A jackal (D:3)
  4 kobolds
  A quokka (D:5)
  A bat (D:3)
  A hobgoblin zombie (D:9)
  2 orc zombies (D:9)
69 creatures vanquished.

Vanquished Creatures (others)
  16 hexers
  An ancestor (D:3)
  A plant (D:2)
18 creatures vanquished.

Grand Total: 275 creatures vanquished

Notes
Turn   | Place    | Note
-------+----------+-------------------------------------------
     0 | D:1      | Lemondrips the Djinni Gladiator began the quest for the
                  | Orb.
     0 | D:1      | Reached XP level 1. HP: 18/18 MP: 0/0
    97 | D:1      | Reached XP level 2. HP: 2/23 MP: 0/0
   396 | D:1      | Found a hazy altar of Hepliaklqana.
   404 | D:1      | Became a worshipper of Hepliaklqana the Forgotten
   941 | D:1      | Reached skill level 3 in Axes
   982 | D:1      | Reached XP level 3. HP: 26/29 MP: 0/0
   982 | D:1      | Learned a level 1 spell: Foxfire
  1343 | D:2      | Reached * piety under Hepliaklqana
  1354 | D:2      | Noticed Robin
  1371 | D:2      | Killed Robin
  1372 | D:2      | Reached XP level 4. HP: 12/30 MP: 0/0
  2233 | D:3      | Noticed Jessica
  2250 | D:3      | Killed Jessica
  2443 | D:3      | Reached XP level 5. HP: 27/36 MP: 0/0
  2443 | D:3      | Learned a level 2 spell: Call Imp
  2600 | D:3      | Found a hazy altar of Hepliaklqana.
  2628 | D:3      | Noticed Natasha
  2637 | D:3      | Reached skill level 4 in Axes
  2642 | D:3      | Killed Natasha
  2933 | D:2      | Found a faded altar of an unknown god.
  3188 | D:3      | Noticed Natasha
  3195 | D:3      | Killed Natasha
  3271 | D:3      | Reached XP level 6. HP: 41/41 MP: 0/0
  3355 | D:3      | Noticed Natasha
  3366 | D:3      | Killed Natasha
  3761 | D:4      | Reached skill level 1 in Evocations
  3776 | D:4      | Noticed a black bear
  3785 | D:4      | Killed a black bear
  3904 | D:4      | Reached ** piety under Hepliaklqana
  3905 | D:4      | Remembered your ancestor Æthelred as a hexer
  3972 | D:4      | Reached XP level 7. HP: 43/46 MP: 0/0
  3972 | D:4      | Learned a level 3 spell: Spider Form
  4031 | D:4      | Found Deor's Antique Weapon Emporium.
  4048 | D:4      | Reached skill level 5 in Axes
  4775 | D:4      | Noticed Duvessa
  4792 | D:4      | Killed Duvessa
  4793 | D:4      | Reached XP level 8. HP: 50/52 MP: 0/0
  4799 | D:4      | Noticed Dowan
  4817 | D:4      | Killed Dowan
  5018 | D:5      | Entered Level 5 of the Dungeon
  5018 | D:5      | Found a shimmering altar of Xom.
  5025 | D:5      | Reached skill level 6 in Axes
  5179 | D:5      | Reached skill level 5 in Fighting
  5491 | D:5      | Found Zoung's Weapon Shop.
  5518 | D:5      | Bought a +0 broad axe for 52 gold pieces
  5898 | D:6      | Reached skill level 1 in Shields
  5936 | D:6      | Reached XP level 9. HP: 59/59 MP: 0/0
  5936 | D:6      | Learned a level 3 spell: Tukima's Dance
  5981 | D:6      | Reached *** piety under Hepliaklqana
  5999 | D:6      | Found a glowing golden altar of the Shining One.
  6267 | D:6      | Reached skill level 7 in Axes
  6430 | D:6      | Found Zin's Purification Station.
  6433 | D:6      | Found a glowing silver altar of Zin.
  6436 | D:6      | Bought a potion of curing for 90 gold pieces
  6579 | D:6      | Found a staircase to the Ecumenical Temple.
  6979 | D:7      | Reached skill level 5 in Evocations
  7100 | D:7      | Noticed Maggie
  7429 | D:7      | Killed Maggie
  7878 | D:7      | Reached skill level 8 in Axes
  7992 | D:7      | Reached **** piety under Hepliaklqana
  8151 | D:8      | Reached XP level 10. HP: 57/65 MP: 0/0
  8341 | D:8      | Found a staircase to the Lair.
  8778 | D:8      | Noticed a two-headed ogre
  8945 | D:8      | Killed a two-headed ogre
  9201 | D:8      | Reached skill level 9 in Axes
  9361 | D:8      | Found a white marble altar of Elyvilon.
  9418 | D:8      | Noticed a two-headed ogre
  9734 | D:8      | Killed a two-headed ogre
  9735 | D:8      | Reached skill level 5 in Shields
  9897 | D:8      | Noticed a manticore
  9930 | D:8      | Noticed a manticore
  9936 | D:8      | Noticed a two-headed ogre
  9940 | D:8      | Killed a manticore
  9941 | D:8      | Reached XP level 11. HP: 41/72 MP: 0/0
  9941 | D:8      | Learned a level 4 spell: Olgreb's Toxic Radiance
 10036 | D:8      | Killed a two-headed ogre
 10198 | D:8      | Noticed a fire dragon
 10277 | D:8      | Killed a fire dragon
 10561 | D:8      | Noticed a cyclops
 10574 | D:8      | HP: 1/73 [tengu conjurer (4)]
 10915 | D:8      | Reached skill level 10 in Axes
 11132 | D:8      | Killed a cyclops
 11196 | D:8      | Noticed a death knight
 11218 | D:8      | Killed a death knight
 11503 | D:8      | Killed a manticore
 12309 | D:8      | Noticed a boulder beetle
 12320 | D:8      | Noticed a cyclops
 12327 | D:8      | Killed a boulder beetle
 12369 | D:8      | Killed a cyclops
 12422 | D:8      | Reached XP level 12. HP: 78/79 MP: 0/0
 13228 | D:9      | Noticed a two-headed ogre
 13236 | D:9      | Killed a two-headed ogre
 13538 | D:9      | Found a sacrificial altar of Ru.
 13555 | D:9      | Noticed a two-headed ogre
 13564 | D:9      | Killed a two-headed ogre
 13707 | D:9      | Found a staircase to the Orcish Mines.
 13743 | D:9      | Mangled by a shadow

Illustrated notes

Levels and vault maps discovered:
D:1:      dpeg_arrival_water_altar, layout_basic
D:2:      layout_basic, ebering_ecumenical_altar_petrified, corexii_shack,
          uniq_robin
D:3:      minmay_octagon_keep, layout_basic, marbit_many_paths, st_stairs_11,
          uniq_jessica, uniq_natasha
D:4:      layout_cave_pods, serial_shops, shop, st_stairs_3, grunt_ministairs_1,
          uniq_duvessa
D:5:      layout_gridville, overflow_temple_1_default, serial_shops, shop
D:6:      layout_gridville, zin_purify, amcnicky_altar_gilded,
          minmay_temple_entry_sparse_star
D:7:      layout_cave_pods, uniq_maggie
D:8:      nzn_winding_woodlands_large [nzn_winding_woodlands_5x5_cross,
          nzn_winding_woodlands_5x15_sidewinder,
          nzn_winding_woodlands_5x5_closed_star,
          nzn_winding_woodlands_center_pierced_h,
          nzn_winding_woodlands_15x15_thick_spiral,
          nzn_winding_woodlands_center_lodge, nzn_winding_woodlands_5x5_three,
          nzn_winding_woodlands_5x15_twine, nzn_winding_woodlands_5x5_default],
          layout_basic, kennysheep_little_box, lair_entry_dummy,
          kennysheep_nondescript
D:9:      layout_loops_corners, old_standard_altar, kennysheep_mini_moat,
          overflow_temple_1_default, lemuel_doored_altar, zombieorc2_lemuel,
          nrook_campfire

Skill      XL: |  1  2  3  4  5  6  7  8  9 10 11 12 |
---------------+-------------------------------------+-----
Axes           | 3 4 5 6 8 9 10 | 10.8
Fighting       | 3 4 5 6 7 8 9 |  9.2
Evocations     | 1 2 4 5 6 8 |  8.4
Shields        | 1 3 5 6 7 |  7.2
Throwing       | |  1.5
Dodging        | |  3.2

Action                   |  1- 3 |  4- 6 |  7- 9 | 10-12 || total
-------------------------+-------+-------+-------+-------++-------
Melee: War axe           |    68 |   140 |   122 |       ||   330
       Broad axe         |       |       |   144 |   324 ||   468
Throw: Dart              |       |     9 |    17 |    62 ||    88
Invok: Ancestor Identity |       |     1 |       |       ||     1
       Ancestor Life: He |       |     1 |       |       ||     1
Evoke: Lightning rod     |       |       |       |     4 ||     4
  Use: Scroll            |       |       |     9 |     7 ||    16
 Stab: Distracted        |       |       |    12 |     2 ||    14
       Confused          |       |       |     5 |    11 ||    16
Armor: Leather armour    |    27 |       |       |       ||    27
       Plate armour      |    38 |   117 |   119 |       ||   274
       Steam dragon scal |       |       |    10 |   114 ||   124
Dodge: Dodged            |    45 |    59 |    93 |   160 ||   357
Block: Buckler           |       |       |     2 |       ||     2
       Tower shield      |       |       |   110 |   305 ||   415

Table legend: (Time is in decaauts)
 A = Elapsed time spent in this place.
 B = Non-inter-level travel time spent in this place.
 C = Inter-level travel time spent in this place.
 D = Time resting spent in this place.
 E = Time spent auto-exploring this place.
 F = Levels seen in this place.
 G = Mean time per level.
                   A        B        C        D        E       F      G
               +--------+--------+--------+--------+--------+-----+--------+
         Total |  14112 |  13794 |    318 |   2391 |   8262 |   9 | 1568.0 |
       Dungeon |  14112 |  13794 |    318 |   2391 |   8262 |   9 | 1568.0 |
               +--------+--------+--------+--------+--------+-----+--------+

Top non-repeatable levels by time:
     D:8: 5072 daAuts
     D:7: 1482 daAuts
     D:1: 1363 daAuts
     D:3: 1356 daAuts
     D:4: 1297 daAuts
     D:2: 1095 daAuts
     D:5: 971 daAuts
     D:6: 834 daAuts
     D:9: 639 daAuts
